Map: Frost LE

Players

bruno

  • Race: Protoss Protoss

SPARKEATER - Winner!

  • Race: Terran Terran

VOD

Have the link to the VOD?

Description

Time

  • Played on: July 12, 2016, 2:04 p.m.
  • Length: 11:42
Show
View Real Time Build Order
Export as new Build Order

bruno Protoss 

Build Orders:  

Get SALT Encoding   

  12  0:03  Probe (Chrono Boost)  
  13  0:14  Probe (Chrono Boost)  
  14  0:24  Probe (Chrono Boost)  
  15  0:36  Pylon  
  15  0:45  Assimilator  
  15  0:55  Probe (Chrono Boost)  
  16  0:57  Pylon  
  16  1:04  Gateway  
  16  1:05  Probe (Chrono Boost)  
  16  1:11  Forge  
  17  1:18  Pylon  
  17  1:27  Probe (Chrono Boost)  
  18  1:33  Assimilator  
  18  1:37  Probe (Chrono Boost)  
  19  1:48  Probe (Chrono Boost)  
  20  1:57  Cybernetics Core  
  20  1:59  Probe (Chrono Boost)  
  21  2:04  Photon Cannon  
  21  2:09  Probe (Chrono Boost)  
  22  2:17  Pylon  
  22  2:28  Probe (Chrono Boost)  
  23  2:39  Probe (Chrono Boost)  
  23  2:43  Stargate  
  24  2:54  Stargate  
  24  3:05  Photon Cannon  
  24  3:10  Photon Cannon  
  24  3:21  Nexus  
  24  3:32  Pylon  
  24  3:42  Void Ray  
  28  4:00  Void Ray  
  32  4:09  Pylon  
  32  4:24  Zealot  
  32  4:29  Twilight Council  
  34  4:34  Protoss Shields Level 1  
  34  4:43  Probe (Chrono Boost)  
  35  4:54  Probe (Chrono Boost)  
  35  4:56  Zealot  
  35  5:21  Photon Cannon  
  35  5:26  Pylon  
  35  5:30  Void Ray  
  35  5:35  Void Ray  
  43  6:08  Photon Cannon  
  43  6:13  Void Ray  
  47  6:20  Zealot  
  49  6:26  Void Ray  
  53  6:43  Protoss Air Weapons Level 1  
  53  7:09  Zealot  
  55  7:16  Nexus  
  55  7:20  Pylon  
  55  7:26  Pylon  
  55  7:30  Pylon  
  55  7:40  Zealot  
  57  7:53  Charge  
  57  7:59  Probe (Chrono Boost)  
  58  8:07  Zealot  
  58  8:10  Probe (Chrono Boost)  
  61  8:20  Probe (Chrono Boost)  
  61  8:31  Probe (Chrono Boost)  
  62  8:38  Void Ray  
  67  8:41  Probe (Chrono Boost)  
  67  8:43  Zealot  
  69  8:52  Probe (Chrono Boost)  
  70  8:57  Photon Cannon  
  54  9:38  Probe (Chrono Boost)  
  53  9:49  Photon Cannon, Probe (Chrono Boost)  
  53  9:52  Photon Cannon  
  54  9:59  Probe (Chrono Boost)  
  53  10:09  Gateway  
  53  10:10  Probe (Chrono Boost)  
  54  10:20  Probe (Chrono Boost)  
  55  10:28  Gateway  
  55  10:31  Probe (Chrono Boost)  
  52  10:41  Probe (Chrono Boost)  
  53  10:43  Void Ray  
  57  10:52  Probe (Chrono Boost)  
  58  11:08  Assimilator  
  58  11:12  Assimilator  
Show
View Real Time Build Order
Export as new Build Order

SPARKEATER Terran - Winner!

Build Orders: MMM Bio 

Get SALT Encoding   

  12  0:01  SCV  
  14  0:22  SCV  
  14  0:25  Supply Depot  
  14  0:34  SCV  
  16  0:50  SCV, Barracks  
  16  0:52  Refinery  
  16  1:02  SCV  
  17  1:14  SCV  
  18  1:27  SCV  
  19  1:38  Supply Depot  
  19  1:39  SCV, Marine  
  21  1:49  Command Center  
  21  1:59  Factory  
  21  2:00  SCV  
  22  2:12  Orbital Command  
  22  2:15  Marine  
  23  2:30  Refinery  
  23  2:32  Marine  
  24  2:39  Barracks  
  24  2:46  Starport  
  24  2:55  SCV  
  25  3:00  Marine  
  26  3:08  SCV  
  27  3:22  Orbital Command  
  27  3:24  Marine, Bunker  
  28  3:34  Medivac  
  28  3:35  Marine  
  31  3:43  SCV  
  31  3:48  Marine  
  33  3:53  SCV  
  33  3:55  SCV  
  35  4:02  Supply Depot  
  35  4:04  Barracks Tech Lab  
  35  4:05  SCV, Marine  
  35  4:07  SCV  
  38  4:17  SCV  
  38  4:19  SCV  
  38  4:23  Marine  
  38  4:24  Stimpack, Barracks  
  41  4:28  Marauder  
  43  4:33  Engineering Bay  
  43  4:36  Medivac  
  45  4:39  Widow Mine  
  45  4:41  Marine  
  48  4:47  Refinery  
  48  4:49  Marine  
  49  5:11  Marine x2  
  49  5:12  SCV, Marauder  
  54  5:19  Missile Turret  
  54  5:20  Missile Turret  
  54  5:36  Terran Infantry Weapons Level 1  
  54  5:42  Supply Depot  
  54  5:49  Supply Depot  
  54  6:04  Medivac, SCV, Marine x3  
  60  6:13  SCV  
  60  6:16  SCV  
  62  6:21  Supply Depot  
  62  6:22  Marine x2, Marauder  
  66  6:25  SCV  
  66  6:27  Barracks  
  67  6:37  SCV  
  67  6:39  Marine x2  
  68  6:44  Marauder  
  72  6:53  SCV  
  73  6:55  Concussive Shells  
  73  6:57  Marine  
  73  6:58  Barracks Tech Lab  
  74  7:05  Marauder  
  76  7:09  SCV x2  
  78  7:30  Marine  
  78  7:32  Marauder  
  71  7:43  Starport Reactor  
  71  7:44  Marine x2, Combat Shields  
  71  7:47  Marine  
  71  7:48  SCV x2, Starport  
  76  7:53  Marauder  
  76  7:56  Supply Depot  
  78  8:18  SCV, Marine x3, Marauder  
  84  8:23  SCV  
  85  8:27  Starport Reactor  
  85  8:32  Terran Infantry Armor Level 1  
  85  8:33  Supply Depot  
  86  8:34  SCV  
  86  8:38  Supply Depot  
  86  8:39  Medivac, SCV, Viking, Marine x3  
  94  8:55  Marauder  
  96  8:57  Marine x3  
  88  9:09  Viking x4  
  88  9:15  Marine x3  
  88  9:16  Marine  
  67  9:32  Marine x3  
  67  9:34  Marine  
  67  9:36  Missile Turret  
  69  9:41  Factory Tech Lab  
  69  9:43  Viking  
  69  9:44  Viking  
  69  9:45  Missile Turret, Viking  
  75  9:50  Marine x3  
  75  9:51  Marine  
  79  10:07  Medivac  
  79  10:08  SCV, Marine x2  
  79  10:09  Marauder, Marine  
  79  10:11  Missile Turret  
  87  10:17  Medivac x2  
  87  10:18  SCV  
  92  10:26  Marine x2  
  92  10:27  Marine  
  95  10:28  Missile Turret  
  95  10:29  Marine  
  93  10:36  Siege Tank  
  96  10:44  Marine x2  
  96  10:45  Marine  
  96  10:47  Marine  
  100  10:55  Medivac x2  
  104  10:58  SCV x2  
  104  11:02  Marine x2  
  104  11:03  Marine  
  109  11:05  Marine  
  110  11:18  Command Center  
Tags
 
Composition
MMM Bio
Matchup
PvT
Add a new tag
Caveats
  • Supply blocks, unpowered buildings, or Contaminate may cause inaccurate times.
  • Supply counts are checked every 10 seconds.